 Dungeon Crawl Stone Soup version 0.27-a0-1193-g8631133539 (webtiles) character file.

Game seed: 13367265027115822366

223 avis the Chopper (level 6, -4/56 HPs)
             Began as a Hill Orc Monk on May 26, 2021.
             Slain by a gnoll
             ... wielding a +0 whip
              (5 damage)
             ... while paralysed by Grinder
             ... on level 4 of the Dungeon.
             The game lasted 00:16:29 (4118 turns).

avis the Chopper (Hill Orc Monk)                    Turns: 4118, Time: 00:16:29

Health: -4/56      AC:  4    Str: 16    XL:     6   Next: 0%
Magic:  6/6        EV:  2    Int: 10    God:
Gold:   121        SH:  0    Dex: 13    Spells: 5/5 levels left

rFire    . . .     SeeInvis .   a - +1 scythe (flame)
rCold    . . .     Faith    .   (shield currently unavailable)
rNeg     . . .     Spirit   .   i - +0 robe
rPois    .         Reflect  .   e - +1 helmet
rElec    .         Harm     .   (no cloak)
rCorr    .         Rampage  .   (no gloves)
Will     .....                  (no boots)
Stlth    ++........             (no amulet)
HPRegen  0.18/turn              (no ring)
MPRegen  0.10/turn              (no ring)

@: paralysed
A: no striking features
a: no special abilities


You were on level 4 of the Dungeon.
You visited 1 branch of the dungeon, and saw 4 of its levels.

You collected 121 gold pieces.

Inventory:

Hand Weapons
 a - a +1 scythe of flaming (weapon)
 b - a +0 mace of protection
 h - a +1 dagger of venom
 k - a +0 halberd
 m - a +0 spear
 n - a +0 spear
 q - a +1 dagger of freezing
 s - a +0 hunting sling
 v - a +0 mace
 x - a +0 hand axe
Missiles
 d - 90 stones (quivered)
 l - a throwing net
 r - 39 arrows
Armour
 e - a +1 helmet (worn)
 i - a +0 robe (worn)
Wands
 w - a wand of digging (4)
Scrolls
 f - a scroll of torment
 g - a scroll of teleportation
 p - a scroll of immolation
Potions
 c - 2 potions of curing {unknown}
 j - 3 potions of brilliance
 u - a potion of berserk rage {unknown}


   Skills:
 - Level 5.0 Fighting
 * Level 7.2 Axes
 + Level 0.8 Armour
 - Level 2.4 Dodging
 - Level 1.5 Stealth
 + Level 0.7 Evocations


You had 5 spell levels left.
You didn't know any spells.
Your spell library contained the following spells:

 Spells                   Type           Power      Damage    Failure   Level
 Animate Skeleton         Necr           0%         N/A       36%         1
 Apportation              Tloc           0%         N/A       36%         1
 Corona                   Hex            0%         N/A       36%         1
 Summon Small Mammal      Summ           0%         N/A       36%         1


Dungeon Overview and Level Annotations

Branches:
Dungeon (4/15)
 Temple: D:4-7

Altars:

Annotations:
D:3 1 runed translucent door, exclusion: door, Crazy Yiuf
D:4 Grinder


Message History

You see here a +0 short sword.
There is a stone staircase leading down here.
You climb downwards.
There is a stone staircase leading up here.
There is a stone staircase leading up here.
There is a stone staircase leading up here.
You climb upwards.
Level annotation: 1 runed translucent door, exclusion: door, Crazy Yiuf
There is a stone staircase leading down here.
There is a stone staircase leading down here.
You climb downwards. 2 gnolls and Grinder come into view.
The gnoll shouts! x2; Grinder shouts!
Grinder blinks!
The gnoll hits you from afar with a +0 spear.
There is a stone staircase leading up here.
The gnoll shouts!
Grinder gestures at you.
You suddenly lose the ability to move!
The gnoll hits you with a +0 whip.
The gnoll hits you from afar with a +0 spear.
The gnoll completely misses you.
The gnoll hits you from afar with a +0 spear!
Grinder says, "Tell me all your secrets, or I'll kill you."
The gnoll hits you with a +0 whip.
The gnoll hits you from afar with a +0 spear.
The gnoll hits you but does no damage. The gnoll hits you with a +0 club.
The gnoll hits you from afar with a +0 spear.
Grinder barely misses you. The gnoll hits you with a +0 whip.
The gnoll hits you with a +0 club!
* * * LOW HITPOINT WARNING * * *
The gnoll hits you from afar with a +0 spear.
* * * LOW HITPOINT WARNING * * *
Grinder hits you but does no damage. The gnoll hits you with a +0 whip.
* * * LOW HITPOINT WARNING * * *
The gnoll hits you with a +0 club.
* * * LOW HITPOINT WARNING * * *
The gnoll hits you from afar with a +0 spear.
* * * LOW HITPOINT WARNING * * *
Grinder blinks!
The gnoll hits you with a +0 whip.
You die...

##..## ##
.....#.
5.#......#
#.........
#.........
#.###.........
#?.....g.....#
#@§g.....
#g.[.....
#..####.# #..#
#..# #..# #..#
#...


You could see Grinder and 3 gnolls.

Vanquished Creatures
  A bullfrog skeleton (D:3)
  An orc wizard (D:3)
  3 gnolls (D:2)
  4 adders
  3 worms (D:2)
  3 dart slugs
  5 orcs (D:3)
  8 endoplasms
  5 giant cockroaches
  8 goblins
  3 hobgoblins (D:1)
  8 jackals
  9 kobolds
  2 quokkas
  6 ball pythons
  6 bats (D:1)
  3 frilled lizards
  6 rats
84 creatures vanquished.

Notes
Turn   | Place    | Note
-------+----------+-------------------------------------------
     0 | D:1      | avis the Hill Orc Monk began the quest for the Orb.
     0 | D:1      | Reached XP level 1. HP: 19/19 MP: 1/1
   108 | D:1      | Reached XP level 2. HP: 26/27 MP: 2/2
   427 | D:1      | Reached skill level 5 in Axes
   498 | D:1      | Reached XP level 3. HP: 32/33 MP: 3/3
  1324 | D:2      | Reached XP level 4. HP: 24/41 MP: 4/4
  1466 | D:2      | Reached skill level 6 in Axes
  1649 | D:2      | Found a faded altar of an unknown god.
  2427 | D:2      | Reached XP level 5. HP: 40/47 MP: 5/5
  3000 | D:3      | Reached skill level 5 in Fighting
  3207 | D:3      | Found a runed translucent door.
  3208 | D:3      | Noticed Crazy Yiuf
  3247 | D:3      | Reached skill level 7 in Axes
  3679 | D:3      | Reached XP level 6. HP: 14/56 MP: 6/6
  4111 | D:4      | Noticed Grinder
  4112 | D:4      | Paralysed by Grinder for 7 turns
  4117 | D:4      | HP: 1/56 [gnoll/+0 spear (3)]
  4118 | D:4      | Slain by a gnoll

Illustrated notes

Levels and vault maps discovered:
D:1:      shiori_arrival_maze, layout_loops_cross
D:2:      minmay_razor_zed, layout_basic, hellmonk_ecumenical_altar_zigzags
D:3:      layout_rooms, minmay_misc_feat_cross, st_stairs_3,
          uniq_crazy_yiuf_cottage
D:4:      layout_loops_ring, uniq_robin, uniq_grinder

Skill      XL: |  1  2  3  4  5 |
---------------+----------------+-----
Fighting       | 4 5 |  5.0
Axes           | 5 6 7 |  7.2
Armour         | |  0.8
Dodging        | |  2.4
Stealth        | |  1.5
Evocations     | |  0.7

Action                   |  1- 3 |  4- 6 || total
-------------------------+-------+-------++-------
Melee: Hand axe          |   121 |       ||   121
       Scythe            |     5 |   131 ||   136
  Use: Scroll            |       |     5 ||     5
 Stab: Sleeping          |     6 |     5 ||    11
Armor: Robe              |    25 |    51 ||    76
Dodge: Dodged            |    77 |   162 ||   239

Table legend: (Time is in decaauts)
 A = Elapsed time spent in this place.
 B = Non-inter-level travel time spent in this place.
 C = Inter-level travel time spent in this place.
 D = Time resting spent in this place.
 E = Time spent auto-exploring this place.
 F = Levels seen in this place.
 G = Mean time per level.
                   A        B        C        D        E       F      G
               +--------+--------+--------+--------+--------+-----+--------+
         Total |   4246 |   4044 |    202 |   1556 |   1655 |   4 | 1061.5 |
       Dungeon |   4246 |   4044 |    202 |   1556 |   1655 |   4 | 1061.5 |
               +--------+--------+--------+--------+--------+-----+--------+

Top non-repeatable levels by time:
     D:2: 1926 daAuts
     D:3: 1227 daAuts
     D:1: 1070 daAuts
     D:4: 22 daAuts
